AoeStats
← sebastianlopez2707

Arabia

504129157Analyzed
1v1 RM · 29d ago on Sep 4, 2026· 53m 47s· 2 players
Game mode
Random Map
Map size
Tiny (2 player)
Population
200
Speed
Normal
Resources
Standard
Victory
Conquest
Starting age
Dark Age
Ending age
Imperial Age
RankedLock teamsTeams togetherTeam positionsShared explorationLock speedFull tech treeHidden civsTurbo modeCheats
Victory
Defeat
🇨🇴 Franks · Colombia
446
+13
🇨🇴 Japanese · Colombia
385
-13
Jotakargo
5:36 Loom
13:16 Feudal Age
13:57 Horse Collar
14:12 Man-at-Arms
14:39 Arson
16:12 Wheelbarrow
16:17 Town Watch
17:54 Double-Bit Axe
30:35 Castle Age
28:43 Arson
29:15 Forging
29:05 Scale Mail Armor
29:11 Scale Barding Armor
28:57 Fletching
29:07 Padded Archer Armor
29:28 Bloodlines
31:00 Long Swordsman
31:00 Pikeman
31:27 Gambesons
35:58 Hand Cart
36:09 Heavy Plow
36:24 Crossbowman
39:28 Fervor
40:06 Squires
40:14 Pikeman
47:43 Town Patrol
49:47 Elite Skirmisher
50:18 Treadmill Crane
53:29 Light Cavalry
sebastianlopez2707
7:43 Loom
10:45 Feudal Age
11:55 Double-Bit Axe
16:16 Wheelbarrow
27:01 Castle Age
29:02 Hand Cart
28:59 Bow Saw
31:45 Padded Archer Armor
31:35 Fletching
31:28 Elite Skirmisher
36:36 Scale Barding Armor
36:42 Forging
36:28 Bodkin Arrow
36:49 Leather Archer Armor
41:18 Husbandry
43:36 Chain Barding Armor
43:52 Iron Casting
52:44 Ballistics
Connection lost

Rejoining the realm…

Still unreachable

The connection could not be restored.

Session expired

The server has moved on; the page needs a fresh start.